 Dungeon Crawl Stone Soup version 0.29-a0-296-gda187f2e07 (webtiles) character file.

Game seed: 7799659991122257131

534 esteth the Archer (level 7, -10/56 HPs)
             Began as a Gnoll Hunter on Mar 19, 2022.
             Mangled by benappo's ghost (19 damage)
             ... on level 4 of the Dungeon.
             The game lasted 00:05:18 (3170 turns).

esteth the Archer (Gnoll Hunter)                    Turns: 3170, Time: 00:05:19

Health: -10/56     AC:  4    Str: 10    XL:     7   Next: 25%
Magic:  10/10      EV: 13    Int: 11    God:
Gold:   183        SH:  0    Dex: 15    Spells: 10/10 levels left

rFire   . . .      SeeInvis .   a - +1 shortbow
rCold   . . .      Faith    .   (shield currently unavailable)
rNeg    . . .      Spirit   .   b - +0 leather armour
rPois   .          Reflect  .   (no helmet)
rElec   +          Harm     .   t - +0 cloak
rCorr   .          Rampage  .   (no gloves)
Will    .....                   (no boots)
Stlth   ++........              (no amulet)
HPRegen 0.18/turn               (no ring)
MPRegen 0.12/turn               (no ring)

@: mighty
A: fangs 1, strong nose, distributed training, electricity resistance
a: no special abilities


You were on level 4 of the Dungeon.
You visited 1 branch of the dungeon, and saw 4 of its levels.

You collected 183 gold pieces.


Innate Abilities, Weirdness & Mutations

You have very sharp teeth.
Your uncanny sense of smell can sniff out nearby items.
Your experience applies equally to all skills.
You are resistant to electric shocks. (rElec)


   Skills:
 + Level 5.2 Fighting
 + Level 2.3 Short Blades
 + Level 2.3 Long Blades
 + Level 2.3 Axes
 + Level 2.3 Maces & Flails
 + Level 2.3 Polearms
 + Level 2.3 Staves
 + Level 2.3 Slings
 + Level 8.9 Bows
 + Level 2.3 Crossbows
 + Level 2.3 Throwing
 + Level 2.3 Armour
 + Level 5.2 Dodging
 + Level 3.4 Stealth
 + Level 2.3 Shields
 + Level 2.3 Unarmed Combat
 + Level 2.3 Spellcasting
 + Level 1.9 Conjurations
 + Level 1.9 Hexes
 + Level 1.9 Summonings
 + Level 1.9 Necromancy
 + Level 1.9 Translocations
 + Level 1.9 Transmutations
 + Level 1.9 Fire Magic
 + Level 1.9 Ice Magic
 + Level 1.9 Air Magic
 + Level 1.9 Earth Magic
 + Level 1.9 Poison Magic
 + Level 2.6 Invocations
 + Level 2.3 Evocations


You had 10 spell levels left.
You didn't know any spells.
Your spell library contained the following spells:

 Spells                   Type           Power      Damage    Failure   Level
 Gell's Gravitas          Tloc           5%         N/A       45%         3
 Lesser Beckoning         Tloc           5%         N/A       45%         3
 Teleport Other           Tloc           5%         N/A       45%         3

Inventory:

Hand Weapons
 a - a +1 shortbow (weapon)
 g - a +1 dagger of venom
   (You took it off a goblin on level 1 of the Dungeon)
Missiles
 h - 141 stones
 l - 7 boomerangs
 q - 6 poisoned darts
Armour
 b - a +0 leather armour (worn)
 d - a +1 cloak
   (You found it on level 3 of the Dungeon)
 k - a +0 robe
   (You found it on level 1 of the Dungeon)
 m - a +0 robe
   (You found it on level 1 of the Dungeon)
 p - a +0 ring mail
   (You found it on level 2 of the Dungeon)
 r - a +0 ring mail
   (You found it on level 2 of the Dungeon)
 t - a +0 cloak (worn)
   (You found it on level 2 of the Dungeon)
 u - a +0 leather armour
   (You found it on level 2 of the Dungeon)
 A - a +0 robe
   (You took it off an orc wizard on level 3 of the Dungeon)
 B - a +0 robe
   (You took it off an orc wizard on level 3 of the Dungeon)
 C - a +0 ring mail
   (You found it on level 3 of the Dungeon)
 D - a +0 scale mail
   (You found it on level 3 of the Dungeon)
 F - a +0 robe
   (You found it on level 3 of the Dungeon)
 H - a +0 plate armour
   (You found it on level 4 of the Dungeon)
Wands
 G - a wand of flame (16)
   (You found it on level 4 of the Dungeon)
Scrolls
 c - 2 scrolls of immolation {!r!r}
 e - a scroll of teleportation {@r4}
 x - 2 scrolls of identify {@r1}
 y - a scroll of magic mapping {unknown}
 E - a scroll of vulnerability {unknown}
Potions
 f - a potion of attraction {unknown}
 j - 2 potions of degeneration {unknown}
 n - a potion of curing {@q1}
 o - a potion of flight {unknown}
 w - a potion of magic {unknown}
 z - a potion of lignification {unknown}

Dungeon Overview and Level Annotations

Branches:
Dungeon (4/15)
 Temple: D:4-7

Altars:
Dithmenos
Ru
Trog
Xom

Shops:
D:4 :

Annotations:
D:4 benappo's ghost, novice HOFi

.... #..... #.....#
......##################
.....+....<............
####..#........Z..#.....
..≈#...........W@.......
..≈#.....###'''###..+###
..≈#....##...5...##....
..≈#....#.........##......
≈≈≈#...##..........# .....
###'...#...####....## ....
......##..##$|###...#...
...##.#..# ...5 ##..#.#.##
...##.#..#


.Z=WZ #..#..... You could see benappo's ghost, a white imp (fleeing) and an
adder simulacrum.


Message History

Press: ? - help, Shift-Dir - straight line, f/p - benappo's ghost
Aim: benappo's ghost (lightly damaged, 69% to hit)
You shoot an arrow.
The arrow hits benappo's ghost but does no damage.
Benappo's ghost barely misses you.
Shoot: a) +1 shortbow
Press: ? - help, Shift-Dir - straight line, f/p - benappo's ghost
Aim: benappo's ghost (lightly damaged, 69% to hit)
You shoot an arrow.
The arrow barely misses benappo's ghost.
Benappo's ghost closely misses you.
Shoot: a) +1 shortbow
Press: ? - help, Shift-Dir - straight line, f/p - benappo's ghost
Aim: benappo's ghost (lightly damaged, 69% to hit)
You shoot an arrow.
The arrow closely misses benappo's ghost.
Benappo's ghost barely misses you. 😕 HP[+1] Shoot: a) +1 shortbow
Press: ? - help, Shift-Dir - straight line, f/p - benappo's ghost
Aim: benappo's ghost (lightly damaged, 69% to hit)
You shoot an arrow. The arrow hits benappo's ghost.
Benappo's ghost hits you. 😕 HP[-2]
You take 2 damage, and now have 49/56 hp.
Shoot: a) +1 shortbow
Press: ? - help, Shift-Dir - straight line, f/p - benappo's ghost
Aim: benappo's ghost (moderately damaged, 69% to hit)
You shoot an arrow.
The arrow barely misses benappo's ghost.
Benappo's ghost hits you!
The white imp picks up a beetle and eats it.
Benappo's ghost barely misses you. 😮 HP[-13]
You take 13 damage, and now have 36/56 hp.
MASSIVE DAMAGE!! (PAUSE) Shoot: a) +1 shortbow
Press: ? - help, Shift-Dir - straight line, f/p - benappo's ghost
Aim: benappo's ghost (moderately damaged, 69% to hit)
You shoot an arrow.
The arrow hits benappo's ghost but does no damage.
Benappo's ghost closely misses you.
Shoot: a) +1 shortbow
Press: ? - help, Shift-Dir - straight line, f/p - benappo's ghost
Aim: benappo's ghost (lightly damaged, 69% to hit)
You shoot an arrow. The arrow hits benappo's ghost!
Benappo's ghost completely misses you.
Shoot: a) +1 shortbow
Press: ? - help, Shift-Dir - straight line, f/p - benappo's ghost
Aim: benappo's ghost (moderately damaged, 69% to hit)
You shoot an arrow.
The arrow hits benappo's ghost but does no damage.
Benappo's ghost hits you!
* * * LOW HITPOINT WARNING * * *
😨 HP[-10]
You take 10 damage, and now have 26/56 hp.
Shoot: a) +1 shortbow
Press: ? - help, Shift-Dir - straight line, f/p - benappo's ghost
Aim: benappo's ghost (moderately damaged, 69% to hit)
You shoot an arrow.
The arrow hits benappo's ghost but does no damage.
Benappo's ghost closely misses you.
It was a potion of might.
You feel very mighty all of a sudden.
You hear the rapid rusting of a drain.
Benappo's ghost hits you but does no damage.
It was a potion of curing.
You feel better. Benappo's ghost misses you. 😮 HP[+7]
You regained 7 hp, and now have 33/56 hp.
Okay, then.
Shoot: a) +1 shortbow
Press: ? - help, Shift-Dir - straight line, f/p - benappo's ghost
Aim: benappo's ghost (moderately damaged, 69% to hit)
You shoot an arrow.
The arrow hits benappo's ghost but does no damage.
Benappo's ghost hits you!
* * * LOW HITPOINT WARNING * * *
😨 HP[-16]
You take 16 damage, and now have 17/56 hp.
MASSIVE DAMAGE!! (PAUSE)
You feel better. Benappo's ghost hits you!
* * * LOW HITPOINT WARNING * * *
😱 HP[-4]
You take 4 damage, and now have 13/56 hp.
Benappo's ghost attacks as you move away!
Benappo's ghost hits you.
* * * LOW HITPOINT WARNING * * *
😱 HP[-2]
You take 2 damage, and now have 11/56 hp.
It was a potion of mutation.
You feel extremely strange.
You feel insulated. Benappo's ghost hits you.
* * * LOW HITPOINT WARNING * * *
😱 HP[-2]
You take 2 damage, and now have 9/56 hp.
As you read the scroll of fear, it crumbles to dust.
You assume a fearsome visage.
The white imp looks frightened!
Benappo's ghost is unaffected.
The adder simulacrum is unaffected.
Benappo's ghost hits you!!
You die...

Skill      XL: |  1  2  3  4  5  6 |
---------------+-------------------+-----
Short Blades   | 1 2 |  2.3
Long Blades    | 1 2 |  2.3
Axes           | 1 2 |  2.3
Maces & Flails | 1 2 |  2.3
Polearms       | 1 2 |  2.3
Staves         | 1 2 |  2.3
Slings         | 1 2 |  2.3
Crossbows      | 1 2 |  2.3
Throwing       | 1 2 |  2.3
Armour         | 1 2 |  2.3
Shields        | 1 2 |  2.3
Unarmed Combat | 1 2 |  2.3
Spellcasting   | 1 2 |  2.3
Invocations    | 1 2 |  2.6
Evocations     | 1 2 |  2.3
Conjurations   | 1 |  1.9
Hexes          | 1 |  1.9
Summonings     | 1 |  1.9
Necromancy     | 1 |  1.9
Translocations | 1 |  1.9
Transmutations | 1 |  1.9
Fire Magic     | 1 |  1.9
Ice Magic      | 1 |  1.9
Air Magic      | 1 |  1.9
Earth Magic    | 1 |  1.9
Poison Magic   | 1 |  1.9
Stealth        | 3 |  3.4
Fighting       | 5 |  5.2
Dodging        | 5 |  5.2
Bows           | |  8.9

Action                   |  1- 3 |  4- 6 |  7- 9 || total
-------------------------+-------+-------+-------++-------
Melee: Shortbow          |       |     1 |       ||     1
 Fire: Shortbow          |    65 |   154 |    30 ||   249
  Use: Scroll            |       |     3 |     1 ||     4
       Potion            |       |     2 |     4 ||     6
Armor: Leather armour    |     2 |    19 |     1 ||    22
Dodge: Dodged            |    11 |    59 |    16 ||    86

Levels and vault maps discovered:
D:1:      wander_arrival_lonely_grave, layout_loops_ring, minmay_tromino_v4_c
D:2:      layout_loops_ring, uniq_natasha
D:3:      layout_basic, mainiacjoe_overflow_alcove_2, overflow_temple_1_default,
          kennysheep_small_spiral
D:4:      minmay_octagon_keep, layout_basic, mainiacjoe_overflow_brackets,
          jmf_multi_god_temple, grunt_temple_overflow_open, gammafunk_ghost_icy,
          portal_sewer_entry_f, serial_shops, shop, serial_rivers,
          chequers_serial_rivers_micro_b, chequers_serial_rivers_large_b,
          chequers_serial_rivers_room_a, chequers_serial_rivers_room_b,
          chequers_serial_rivers_small_a

Notes
Turn   | Place    | Note
-------+----------+-------------------------------------------
     0 | D:1      | esteth the Gnoll Hunter began the quest for the Orb.
     0 | D:1      | Reached XP level 1. HP: 20/20 MP: 1/1
     0 | D:1      | magus.rc [v1.11.3]
   221 | D:1      | Reached XP level 2. HP: 26/26 MP: 2/2
   581 | D:2      | Reached XP level 3. HP: 31/31 MP: 3/3
   632 | D:2      | Noticed Natasha
   640 | D:2      | Killed Natasha
   641 | D:2      | Reached skill level 1 in Short Blades
   641 | D:2      | Reached skill level 1 in Long Blades
   641 | D:2      | Reached skill level 1 in Axes
   641 | D:2      | Reached skill level 1 in Maces & Flails
   641 | D:2      | Reached skill level 1 in Polearms
   641 | D:2      | Reached skill level 1 in Staves
   641 | D:2      | Reached skill level 1 in Slings
   641 | D:2      | Reached skill level 1 in Crossbows
   641 | D:2      | Reached skill level 1 in Throwing
   641 | D:2      | Reached skill level 1 in Armour
   641 | D:2      | Reached skill level 1 in Shields
   641 | D:2      | Reached skill level 1 in Unarmed Combat
   641 | D:2      | Reached skill level 1 in Spellcasting
   641 | D:2      | Reached skill level 1 in Invocations
   641 | D:2      | Reached skill level 1 in Evocations
   743 | D:2      | Reached XP level 4. HP: 38/38 MP: 5/5
   876 | D:2      | Noticed Natasha
   887 | D:2      | Killed Natasha
   888 | D:2      | Reached skill level 1 in Conjurations
   888 | D:2      | Reached skill level 1 in Hexes
   888 | D:2      | Reached skill level 1 in Summonings
   888 | D:2      | Reached skill level 1 in Necromancy
   888 | D:2      | Reached skill level 1 in Translocations
   888 | D:2      | Reached skill level 1 in Transmutations
   888 | D:2      | Reached skill level 1 in Fire Magic
   888 | D:2      | Reached skill level 1 in Ice Magic
   888 | D:2      | Reached skill level 1 in Air Magic
   888 | D:2      | Reached skill level 1 in Earth Magic
   888 | D:2      | Reached skill level 1 in Poison Magic
  1235 | D:2      | Reached XP level 5. HP: 43/43 MP: 5/7
  1283 | D:2      | Noticed Natasha
  1291 | D:2      | Killed Natasha
  1678 | D:3      | Found a shimmering altar of Xom.
  1812 | D:3      | Found a sacrificial altar of Ru.
  1813 | D:3      | You pick up a book of Displacement and begin reading...
  1813 | D:3      | You add the spells Lesser Beckoning, Gell's Gravitas and
                  | Teleport Other to your library.
  1852 | D:3      | Noticed an ogre
  1859 | D:3      | Killed an ogre
  1860 | D:3      | Reached skill level 3 in Stealth
  1860 | D:3      | Reached skill level 2 in Invocations
  1860 | D:3      | Reached XP level 6. HP: 36/50 MP: 8/8
  2206 | D:3      | Reached skill level 5 in Fighting
  2206 | D:3      | Reached skill level 5 in Dodging
  2219 | D:3      | Reached skill level 2 in Short Blades
  2219 | D:3      | Reached skill level 2 in Long Blades
  2219 | D:3      | Reached skill level 2 in Axes
  2219 | D:3      | Reached skill level 2 in Maces & Flails
  2219 | D:3      | Reached skill level 2 in Polearms
  2219 | D:3      | Reached skill level 2 in Staves
  2219 | D:3      | Reached skill level 2 in Slings
  2219 | D:3      | Reached skill level 2 in Crossbows
  2219 | D:3      | Reached skill level 2 in Throwing
  2219 | D:3      | Reached skill level 2 in Armour
  2219 | D:3      | Reached skill level 2 in Shields
  2219 | D:3      | Reached skill level 2 in Unarmed Combat
  2219 | D:3      | Reached skill level 2 in Spellcasting
  2219 | D:3      | Reached skill level 2 in Evocations
  2627 | D:4      | Found Pexyq's Book Shoppe.
  2647 | D:3      | HP: 12/51 [scorpion (1)]
  2654 | D:3      | HP: 12/51 [poisoned by a scorpion]
  2659 | D:3      | HP: 8/51 [poisoned by a scorpion]
  2921 | D:4      | Found a bloodstained altar of Trog.
  2921 | D:4      | Found a shadowy altar of Dithmenos.
  2924 | D:4      | Reached XP level 7. HP: 52/56 MP: 10/10
  3117 | D:4      | Found a runed translucent gate.
  3117 | D:4      | Found a runed translucent gate.
  3117 | D:4      | Found a runed translucent gate.
  3139 | D:4      | Noticed benappo's ghost (novice HOFi)
  3167 | D:4      | HP: 13/56 [benappo's ghost (13)]
  3169 | D:4      | Gained mutation: You are resistant to electric shocks.
                  | (rElec) [potion of mutation]
  3170 | D:4      | Mangled by benappo's ghost

Vanquished Creatures
  An ogre (D:3)
  A phantom (D:4)
  A scorpion (D:3)
  A jelly (D:4)
  An iguana (D:4)
  Natasha (thrice) (D:2)
  2 orc wizards (D:3)
  6 adders
  A howler monkey simulacrum (D:4)
  A worm (D:2)
  A dart slug (D:2)
  An adder simulacrum (D:4)
  4 orcs
  4 endoplasms
  2 giant cockroaches
  5 goblins
  4 hobgoblins
  6 jackals (D:3)
  8 kobolds
  2 quokkas
  5 ball pythons
  5 bats
  A frilled lizard (D:3)
  5 rats
71 creatures vanquished.

Table legend:
 A = Non-vault XP
 B = Vault XP
 C = Vault XP percentage of total XP
 D = Non-vault monster count
 E = Vault monster count
 F = Vault count percentage of total count
                 A         B        C        D         E       F
            +---------+---------+-------+---------+---------+-------
      Total |     622 |     141 |  18.5 |      64 |       7 |   9.9
            +---------+---------+-------+---------+---------+-------
        D:1 |      18 |       4 |  18.2 |      13 |       2 |  13.3
        D:2 |     157 |      35 |  18.2 |      23 |       1 |   4.2
        D:3 |     257 |      87 |  25.3 |      22 |       1 |   4.3
        D:4 |     190 |      15 |   7.3 |       6 |       3 |  33.3
            +---------+---------+-------+---------+---------+-------

Illustrated notes

Table legend:
 A = Kills in this place as a percentage of kills in entire the game.
 B = Kills by you in this place as a percentage of kills by you in the entire game.
 C = Kills by friends in this place as a percentage of kills by friends in the entire game.
 D = Other kills in this place as a percentage of other kills in the entire game.
 E = Experience gained in this place as a percentage of experience gained in the entire game.
 F = Experience gained in this place divided by the number of levels of this place that you have seen.
                   A       B       C       D       E      F
               +-------+-------+-------+-------+-------+----------------------
         Total | 100.0 | 100.0 |   N/A |   N/A | 100.0 | 190.8
       Dungeon | 100.0 | 100.0 |   N/A |   N/A | 100.0 | 190.8
               +-------+-------+-------+-------+-------+----------------------

Table legend: (Time is in decaauts)
 A = Elapsed time spent in this place.
 B = Non-inter-level travel time spent in this place.
 C = Inter-level travel time spent in this place.
 D = Time resting spent in this place.
 E = Time spent auto-exploring this place.
 F = Levels seen in this place.
 G = Mean time per level.
                   A        B        C        D        E       F      G
               +--------+--------+--------+--------+--------+-----+--------+
         Total |   3206 |   3138 |     68 |    262 |   2423 |   4 |  801.5 |
       Dungeon |   3206 |   3138 |     68 |    262 |   2423 |   4 |  801.5 |
               +--------+--------+--------+--------+--------+-----+--------+

Top non-repeatable levels by time:
     D:3: 1332 daAuts
     D:2: 1023 daAuts
     D:1: 579 daAuts
     D:4: 271 daAuts
